 Dungeon Crawl Stone Soup version 0.30-a0-728-gc68057be0a (webtiles) character file.

Game seed: 13216432154509258145

8881 BigDaddyOpFi the Protected (level 11, -1/89 HPs)
             Began as a Formicid Fighter on Jan 31, 2023.
             Was a High Priest of Okawaru.
             Slain by an efreet
             ... wielding a +3 scimitar of flaming
              (8 damage)
             ... on level 9 of the Dungeon.
             The game lasted 00:13:35 (8495 turns).

BigDaddyOpFi the Protected (Formicid Fighter)       Turns: 8495, Time: 00:13:36

Health: -1/89      AC: 25    Str: 25    XL:     11   Next: 64%
Magic:  5/5        EV:  8    Int: 11    God:    Okawaru [*****.]
Gold:   563        SH: 17    Dex: 19    Spells: 10/10 levels left

rFire   . . .      SeeInvis +    y - +10 mace of Gozag, Bespelling {antimagic, Int+3 SInv}
rCold   + . .      Faith    .    c - +1 buckler
rNeg    . . .      Spirit   .    C - +0 chain mail
rPois   .          Reflect  +    (helmet unavailable)
rElec   .          Harm     .    M - +1 cloak
rCorr   .          Rampage  .    l - +0 pair of gloves
Will    ++...                    G - +2 pair of boots Stlth
                                 f - amulet of reflection
HPRegen 0.34/turn                e - +4 ring of protection
MPRegen 0.09/turn                i - +6 ring of dexterity

@: studying 2 skills
A: permanent stasis, dig shafts and tunnels, antennae 3, four strong arms,
iridescent scales 1, large bone plates 1, cold resistance 1, strong-willed 1
a: Dig, Shaft Self, Renounce Religion, Heroism, Finesse, Duel


You were on level 9 of the Dungeon.
You worshipped Okawaru.
Okawaru was extremely pleased with you.
You visited 2 branches of the dungeon, and saw 10 of its levels.
You also visited: Ossuary.

You collected 563 gold pieces.

Inventory:

Hand Weapons
 a - a +0 war axe
 b - the +5 giant spiked club of Traps {freeze, rElec}
   (Okawaru gifted it to you on level 9 of the Dungeon)

   rElec:     It insulates you from electricity.
 v - a +2 war axe of electrocution
 y - the +10 mace of Gozag, Bespelling (weapon) {antimagic, Int+3 SInv}
   (You found it on level 5 of the Dungeon)

   Int:       It affects your intelligence (+3).
   SInv:      It lets you see invisible.
 J - the +7 mace "Tott" {holy, Int+3}
   (You found it on level 8 of the Dungeon)

   Int:       It affects your intelligence (+3).
Armour
 c - a +1 buckler (worn)
 l - a +0 pair of gloves (worn)
 C - a +0 chain mail (worn)
 G - a +2 pair of boots (worn)
 M - a +1 cloak (worn)
Jewellery
 e - a +4 ring of protection (left hand)
 f - an amulet of reflection (around neck)
 i - a +6 ring of dexterity (right hand)
 o - a +4 ring of protection
Wands
 p - a wand of roots (2)
 s - a wand of charming (14)
 A - a wand of digging (3)
 D - a wand of flame (15)
 H - a wand of mindburst (20)
Scrolls
 j - 2 scrolls of silence
 n - 6 scrolls of identify
 q - a scroll of summoning
 r - a scroll of enchant armour
 t - 3 scrolls of blinking
 E - 5 scrolls of teleportation
 F - 4 scrolls of poison {unknown}
 I - a scroll of magic mapping
 K - a scroll of fear {unknown}
 L - a scroll of noise {unknown}
Potions
 d - a potion of might
 g - 6 potions of flight {unknown}
 h - 3 potions of curing
 k - 2 potions of attraction
 m - 8 potions of brilliance
 u - a potion of resistance {unknown}
 w - 2 potions of ambrosia {unknown}
 x - a potion of haste {unknown}
 z - 5 potions of heal wounds {unknown}


   Skills:
 + Level 9.4 Fighting
 - Level 6.7(7.9) Axes
 + Level 6.3(7.7) Maces & Flails
 + Level 1.0 Throwing
 + Level 11.7 Armour
 + Level 11.2 Shields
 + Level 8.1 Invocations


You had 10 spell levels left.
You didn't know any spells.
Your spell library contained the following spells:

 Spells                   Type           Power      Damage    Failure   Level
 Beastly Appendage        Tmut           0%         N/A       88%         1
 Sublimation of Blood     Necr           0%         N/A       96%         2
 Wereblood                Tmut           0%         N/A       96%         2
 Spider Form              Tmut/Pois      0%         N/A       99%         3
 Summon Hydra             Summ           Unusable   N/A       N/A         7

Dungeon Overview and Level Annotations

Branches:
Dungeon (9/15)             Temple (1/1) D:4         Ossuary (visited)
   Lair: D:8-11         Orc: D:9-12

Altars:
Ashenzari
Cheibriados
Dithmenos
Elyvilon
Fedhas
Hepliaklqana
Kikubaaqudgha
Makhleb
Nemelex Xobeh
Okawaru
Qazlal
Ru
Sif Muna
Trog
Uskayaw
Vehumet
Wu Jian
Xom
Yredelemnul
Zin
The Shining One

Annotations:
D:3 2 transporters, warriortoast's ghost, amateur BaFi


Innate Abilities, Weirdness & Mutations

You cannot be hasted, slowed, berserked, paralysed or teleported.
You can dig through walls and to a lower floor.
You have a pair of large antennae on your head. (SInv)
Your four strong arms can wield two-handed weapons with a shield.
You are partially covered in iridescent scales. (AC +2)
You are partially covered in large bone plates. (SH +4)
Your flesh is cold resistant. (rC+)
You are strong-willed. (Will+)


Message History

You block the vampire mosquito's attack.
The vampire mosquito closely misses you.
You block the vampire mosquito's attack.
You hit the vampire mosquito.
You destroy the vampire mosquito!
Okawaru accepts your kill. Okawaru grants you a weapon!
Something appears at your feet!
You see here the +5 giant spiked club of Traps {freeze, rElec}.
Your Throwing skill increases to level 1!
b - the +5 giant spiked club of Traps {freeze, rElec} The efreet gestures at you.
The bolt of fire misses you.
The tree burns like a torch!
You hear a deafening roar!
You hear two shouts!
You thump the efreet!
The efreet's magic leaks into the air.
The efreet is moderately wounded.
You hear a shout! x3
The efreet barely misses you.
You hit the efreet.
The efreet's magic leaks into the air.
The efreet is moderately wounded.
You are engulfed in blazing flames.
You block the efreet's attack.
You sock the efreet!
The efreet's magic leaks into the air.
The efreet is heavily wounded.
You are engulfed in blazing flames.
The efreet falters for a moment.
You hit the efreet.
The efreet's magic leaks into the air.
The efreet is heavily wounded.
You are engulfed in blazing flames.
* * * LOW HITPOINT WARNING * * *
The efreet falters for a moment.
You barely miss the efreet.
The efreet is heavily wounded.
You are engulfed in blazing flames.
* * * LOW HITPOINT WARNING * * *
The efreet hits you but does no damage.
You barely miss the efreet.
The efreet is heavily wounded.
You are engulfed in blazing flames.
* * * LOW HITPOINT WARNING * * *
The efreet hits you with a +3 scimitar of flaming!
You die...

.. ... ♣ { ..#♣. ....
{ #..♣ { ♣..♣♣ { {
♣).♣♣ ♣(R♣♣ ♣♣@§♣♣
♣§§.♣♣ ♣♣♣.)♣
######♣)♣####### ###
.......))()....# ♣.♣
.♣♣♣♣♣..)♣♣♣♣♣.♣♣♣.♣♣
♣.♣.♣ ♣....♣..
♣...♣♣♣♣♣.♣♣♣.♣♣
..........# ♣.♣


You could see an efreet (magic disrupted).

Vanquished Creatures
  A centaur warrior (D:9)
  2 two-headed ogres
  Pikel (D:4)
  A cyclops (D:9)
  Maggie (D:8)
  An unseen horror (D:6)
  2 trolls (D:9)
  Grinder (D:4)
  2 hornets (D:7)
  A vampire (D:6)
  A wraith (D:6)
  3 yaks (D:8)
  4 wyverns
  2 vampire mosquitoes (D:9)
  2 sky beasts (D:7)
  A black bear (D:6)
  3 ice beasts
  An ogre (D:7)
  3 centaurs (D:9)
  2 lemures (D:4)
  2 phantoms (D:6)
  A gnoll sergeant (D:9)
  3 kobold brigands
  4 bullfrogs
  2 scorpions
  4 wights
  2 killer bees (D:9)
  3 howler monkeys
  2 centaur zombies (Ossuary)
  A jelly (D:5)
  2 human zombies (Ossuary)
  2 orc priests (D:6)
  4 hounds
  3 gnoll boudas (D:6)
  3 iguanas
  6 orc wizards
  2 mummies (Ossuary)
  24 gnolls
  7 adders
  A shadow imp (D:5)
  A white imp (D:8)
  2 adder zombies (Ossuary)
  5 worms
  5 dart slugs
  42 orcs
  6 ball pythons
  3 bats
  4 endoplasms
  4 giant cockroaches
  5 goblins
  2 hobgoblins
  4 jackals (D:1)
  19 kobolds
  3 quokkas
  5 frilled lizards
  9 hobgoblin zombies (Ossuary)
  A jackal zombie (Ossuary)
  12 kobold zombies (Ossuary)
  7 orc zombies (Ossuary)
  7 rats
  2 rat zombies (Ossuary)
261 creatures vanquished.

Vanquished Creatures (others)
  An electric eel (D:9)
  A kobold (D:9)
  21 plants
23 creatures vanquished.

Grand Total: 284 creatures vanquished

Notes
Turn   | Place    | Note
-------+----------+-------------------------------------------
     0 | D:1      | BigDaddyOpFi the Formicid Fighter began the quest for the
                  | Orb.
     0 | D:1      | Reached XP level 1. HP: 18/18 MP: 1/1
   106 | D:1      | Reached XP level 2. HP: 24/24 MP: 2/2
   396 | D:1      | Reached XP level 3. HP: 29/29 MP: 3/3
   909 | D:2      | Reached XP level 4. HP: 37/37 MP: 4/4
   916 | D:2      | Identified a scroll of acquirement
   916 | D:2      | Acquired a manual of Axes
  1150 | D:2      | Found a broken altar of Ashenzari.
  1542 | D:3      | Found a transporter.
  1551 | D:3      | Noticed warriortoast's ghost (amateur BaFi)
  1563 | D:3      | Noticed an ice beast
  1575 | D:3      | Killed an ice beast
  1576 | D:3      | Reached skill level 5 in Shields
  1576 | D:3      | Reached XP level 5. HP: 23/42 MP: 5/5
  1748 | D:3      | Reached XP level 6. HP: 46/49 MP: 6/6
  1888 | D:3      | Found a transporter.
  2032 | D:3      | Found a stormy altar of Qazlal.
  2261 | D:3      | Found a glowing golden altar of the Shining One.
  2365 | D:3      | Gained mutation: You are partially covered in iridescent
                  | scales. (AC +2) [potion of mutation]
  2365 | D:3      | Gained mutation: Your flesh is cold resistant. (rC+)
                  | [potion of mutation]
  2365 | D:3      | Gained mutation: You are partially covered in large bone
                  | plates. (SH +4) [potion of mutation]
  2365 | D:3      | Gained mutation: You are strong-willed. (Will+) [potion of
                  | mutation]
  2453 | D:4      | Found a radiant altar of Vehumet.
  2482 | D:4      | Noticed Pikel
  2501 | D:4      | Killed Pikel
  2502 | D:4      | Reached skill level 5 in Fighting
  2502 | D:4      | Reached skill level 5 in Axes
  2502 | D:4      | Reached skill level 5 in Armour
  2502 | D:4      | Reached XP level 7. HP: 12/56 MP: 7/7
  2502 | D:4      | Reached XP level 8. HP: 13/63 MP: 8/8
  2691 | D:4      | Found a staircase to the Ecumenical Temple.
  2719 | Temple   | Entered the Ecumenical Temple
  2941 | Temple   | Became a worshipper of Warmaster Okawaru
  3066 | D:4      | Noticed Grinder
  3092 | D:4      | Killed Grinder
  3093 | D:4      | Reached skill level 1 in Invocations
  3440 | D:4      | Found a hazy altar of Hepliaklqana.
  3518 | D:4      | Found a bloodstained altar of Trog.
  3695 | D:5      | Entered Level 5 of the Dungeon
  3841 | D:5      | Found a hide-covered altar of Uskayaw.
  4183 | D:5      | Found a burning altar of Makhleb.
  4383 | D:5      | Identified the +10 mace of Gozag, Bespelling {antimagic,
                  | Int+3 SInv}
  4541 | D:5      | Acquired a manual of Armour
  4631 | D:6      | Found a sand-covered staircase.
  4636 | Ossuary  | Entered an ossuary
  4813 | Ossuary  | Reached * piety under Okawaru
  4823 | Ossuary  | Reached skill level 1 in Maces & Flails
  5145 | D:6      | Reached XP level 9. HP: 61/71 MP: 3/11
  5505 | D:6      | Found a white marble altar of Elyvilon.
  5532 | D:6      | Found a sparkling altar of Nemelex Xobeh.
  5788 | D:6      | Reached ** piety under Okawaru
  6044 | D:6      | Noticed an unseen horror
  6055 | D:6      | Killed an unseen horror
  6082 | D:6      | Reached skill level 5 in Invocations
  6094 | D:6      | Reached XP level 10. HP: 76/79 MP: 4/13
  6163 | D:6      | Found a runed translucent door.
  6519 | D:7      | Reached *** piety under Okawaru
  7176 | D:8      | Reached **** piety under Okawaru
  7177 | D:8      | Reached skill level 10 in Armour
  7177 | D:8      | Reached skill level 10 in Shields
  7254 | D:8      | Noticed Maggie
  7268 | D:8      | Killed Maggie
  7269 | D:8      | Reached skill level 5 in Maces & Flails
  7303 | D:8      | Identified the +7 mace "Tott" {holy, Int+3}
  7449 | D:8      | Noticed a two-headed ogre
  7456 | D:8      | Killed a two-headed ogre
  7457 | D:8      | Reached XP level 11. HP: 87/87 MP: 5/16
  7738 | D:8      | Found a shimmering blue altar of Sif Muna.
  7740 | D:8      | Found an ancient bone altar of Kikubaaqudgha.
  8015 | D:9      | Reached ***** piety under Okawaru
  8199 | D:9      | Noticed a centaur warrior
  8222 | D:9      | Killed a centaur warrior
  8258 | D:9      | Received a gift from Okawaru
  8264 | D:9      | Noticed a cyclops
  8277 | D:9      | Killed a cyclops
  8345 | D:9      | Noticed a two-headed ogre
  8359 | D:9      | Killed a two-headed ogre
  8488 | D:9      | Identified the +5 giant spiked club of Traps {freeze,
                  | rElec} (Okawaru gifted it to you on level 9 of the Dungeon)
  8488 | D:9      | Received a gift from Okawaru
  8489 | D:9      | Reached skill level 1 in Throwing
  8495 | D:9      | Slain by an efreet

Illustrated notes

Levels and vault maps discovered:
D:1:      giann_forest_graveyard, layout_basic
D:2:      layout_basic, basic_altar
D:3:      layout_loops_ring, nicolae_qazlal_general_emergency, tso_oasis_becter,
          gammafunk_ghost_gnarly_gnolls
D:4:      layout_basic, kennysheep_little_box, fiery_altar_vehumet,
          mainiacjoe_overflow_alcove_4, minmay_temple_entry_waves, uniq_pikel,
          uniq_grinder
D:5:      layout_cave_pods, mainiacjoe_overflow_24_doors, bloody_makhleb
D:6:      minmay_opposing_rooms, layout_basic,
          mainiacjoe_overflow_catwalk_spiral, enter_ossuary_2,
          lightli_church_of_beogh
D:7:      layout_basic
D:8:      layout_loops_cross, minitemple, chequers_mini_garden, nrook_campfire,
          uniq_maggie
D:9:      nzn_winding_woodlands_large [nzn_winding_woodlands_5x5_three,
          nzn_winding_woodlands_5x15_lazy_stream,
          nzn_winding_woodlands_5x5_open_star,
          nzn_winding_woodlands_center_triple_pond,
          nzn_winding_woodlands_15x15_thick_spiral,
          nzn_winding_woodlands_center_garden, nzn_winding_woodlands_5x5_cross,
          nzn_winding_woodlands_5x15_concentric,
          nzn_winding_woodlands_5x5_default], layout_basic
Temple:   jpeg_temple_alley_garden

Skill      XL: |  1  2  3  4  5  6  7  8  9 10 11 |
---------------+----------------------------------+-----
Fighting       | 4 5 6 7 8 9 |  9.4
Axes           | 3 5 6 |  6.7
Armour         | 4 5 6 8 10 11 | 11.7
Shields        | 5 6 7 9 10 11 | 11.2
Invocations    | 3 5 7 8 |  8.1
Maces & Flails | 1 3 5 6 |  6.3
Throwing       | 1 |  1.0

Action                     |  1- 3 |  4- 6 |  7- 9 | 10-12 || total
---------------------------+-------+-------+-------+-------++-------
  Melee: War axe           |    65 |   137 |    69 |       ||   271
         Mace              |       |       |   217 |   286 ||   503
  Throw: Javelin           |       |       |       |     1 ||     1
         Throwing net      |       |       |       |     1 ||     1
  Evoke: Wand              |       |       |       |     1 ||     1
    Use: Scroll            |       |     7 |     1 |     2 ||    10
         Potion            |       |     5 |       |     1 ||     6
   Stab: Held in net/web   |       |       |     1 |     1 ||     2
 Armour: Scale mail        |    22 |    58 |    37 |       ||   117
         Chain mail        |       |       |    54 |   117 ||   171
  Dodge: Dodged            |    25 |    29 |    73 |    59 ||   186
  Block: Buckler           |    27 |    72 |   261 |   288 ||   648
         Reflection        |       |     1 |     2 |    11 ||    14

Table legend: (Time is in decaauts)
 A = Elapsed time spent in this place.
 B = Non-inter-level travel time spent in this place.
 C = Inter-level travel time spent in this place.
 D = Time resting spent in this place.
 E = Time spent auto-exploring this place.
 F = Levels seen in this place.
 G = Mean time per level.
                   A        B        C        D        E       F      G
               +--------+--------+--------+--------+--------+-----+--------+
         Total |   8650 |   8375 |    275 |    440 |   5999 |  11 |  786.4 |
       Dungeon |   8144 |   7914 |    230 |    440 |   5731 |   9 |  904.9 |
        Temple |    253 |    208 |     45 |      0 |    172 |   1 |  253.0 |
       Ossuary |    252 |    252 |      0 |      0 |     96 |   1 |  252.0 |
               +--------+--------+--------+--------+--------+-----+--------+

Top non-repeatable levels by time:
     D:6: 1692 daAuts
     D:4: 1032 daAuts
     D:3: 960 daAuts
     D:5: 907 daAuts
     D:1: 837 daAuts
     D:8: 797 daAuts
     D:2: 694 daAuts
     D:7: 652 daAuts
     D:9: 569 daAuts
  Temple: 253 daAuts
 Ossuary: 252 daAuts
